 Dungeon Crawl Stone Soup version 0.20-a0-229-ge6e0e65 (webtiles) character file.

79715 Hercules the Spry (level 15, -7/119 (120) HPs)
             Began as a Merfolk Gladiator on Nov 30, 2016.
             Was an Elder of Uskayaw.
             Killed from afar by Roxanne (63 damage)
             ... with an iron shot
             ... on level 2 of the Swamp.
             The game lasted 01:00:32 (21912 turns).

Hercules the Spry (Merfolk Gladiator)              Turns: 21912, Time: 01:00:33

HP:   -7/119 (120)  AC: 15    Str: 26    XL:     15   Next: 64%
MP:   24/24         EV: 36    Int: 10    God:    Uskayaw [****..]
Gold: 678           SH:  0    Dex: 24    Spells: 8/14 levels left

rFire  + + .     SeeInvis .     J - +4 double sword (elec)
rCold  + . .     Gourm    .     T - +1 leather armour of Integrity {rPois Dex+4} (curse)
rNeg   . . .     Faith    .     (no shield)
rPois  +         Spirit   .     G - +2 helmet of the Komodo Dragon {rF+ Regen+}
rElec  +         Reflect  .     (no cloak)
rCorr  .         Harm     .     (no gloves)
MR     +....     NoCast   +     x - +0 pair of boots "Esseyrph" {-Cast rC+ Str+9 Int-3}
Stlth  ++........               E - amulet of regeneration
                                m - +6 ring of protection
                                o - ring "Xowuc" {rElec rF+ EV+4 Int+6}

@: no status effects
A: change form in water, swift swim, stealthy swim, shaggy fur 1
a: Stomp, Line Pass, Renounce Religion


You were on level 2 of the Swamp.
You worshipped Uskayaw.
Uskayaw was pleased with you.
You were not hungry.

You visited 5 branches of the dungeon, and saw 24 of its levels.
You also visited: Sewer and Ice Cave.

You collected 2570 gold pieces.
You spent 1892 gold pieces at shops.

Inventory:

Hand Weapons
 t - a +0 scimitar of flaming
 J - a +4 double sword of electrocution (weapon)
Missiles
 d - 7 throwing nets (quivered)
Armour
 x - the +0 pair of boots "Esseyrph" (worn) {-Cast rC+ Str+9 Int-3}
   (You bought it in a shop on level 2 of the Orcish Mines)

   It affects your strength (+9).
   It affects your intelligence (-3).
   It protects you from cold.
   It prevents spellcasting.
 G - the +2 helmet of the Komodo Dragon (worn) {rF+ Regen+}
   (You bought it in a shop on level 12 of the Dungeon)

   It protects you from fire.
   It increases your rate of regeneration.
 T - the cursed +1 leather armour of Integrity (worn) {rPois Dex+4}
   (You bought it in a shop on level 12 of the Dungeon)

   It affects your dexterity (+4).
   It protects you from poison.
   It has a curse placed upon it.
Jewellery
 b - a +5 ring of dexterity
 m - a +6 ring of protection (right hand)
 o - the ring "Xowuc" (left hand) {rElec rF+ EV+4 Int+6}
   (You acquired it on level 1 of the Swamp)

   [ring of evasion]

   It affects your evasion (+4).
   It affects your intelligence (+6).
   It protects you from fire.
   It insulates you from electricity.
 C - an uncursed ring of positive energy
 E - an amulet of regeneration (around neck)
 I - an uncursed ring of protection from fire
 X - the ring "Zuigu" {MR+ Int+4}
   (You found it in an ice cave)

   [ring of intelligence]

   It affects your intelligence (+4).
   It affects your resistance to hostile enchantments.
Wands
 c - a wand of teleportation (2/9)
 L - a wand of teleportation (5/9)
Scrolls
 a - 10 scrolls of remove curse
 g - a scroll of magic mapping
 n - 7 scrolls of recharging
 q - 6 scrolls of teleportation
 r - a scroll of fog
 y - 2 scrolls of fear
 D - a scroll of blinking
 F - 5 scrolls of enchant armour
 M - 3 scrolls of identify
 Q - 5 scrolls of amnesia
Potions
 e - a potion of resistance
 h - 14 potions of curing
 i - 7 potions of brilliance
 j - 8 potions of might
 p - 2 potions of cancellation
 s - 6 potions of lignification
 u - 12 potions of heal wounds
 v - 3 potions of haste
 z - 4 potions of agility
 A - 6 potions of berserk rage
 B - 3 potions of flight
 K - 5 potions of magic
 W - a potion of ambrosia
Comestibles
 f - 11 bread rations
 k - 8 meat rations
 l - 29 beef jerkies
 w - 8 chunks of flesh


   Skills:
 - Level 12.0 Fighting
 + Level 16.5 Long Blades
 - Level 2.0 Throwing
 + Level 20.0 Dodging
 - Level 12.0 Invocations


You had 8 spell levels left.
You knew the following spells:

 Your Spells              Type           Power        Failure   Level  Hunger
a - Deflect Missiles      Chrm/Air       #.........   100%        6    #######


Dungeon Overview and Level Annotations

Branches:
Dungeon (13/15)            Temple (1/1) D:7            Lair (6/6) D:11
  Swamp (2/4) Lair:3       Spider (0/4) Lair:4        Slime (0/5) Lair:6
    Orc (2/2) D:10            Elf (0/3) Orc:2        Vaults (0/5) D:13

Altars:
Ashenzari
Cheibriados
Dithmenos
Elyvilon
Fedhas
Gozag
Hepliaklqana
Kikubaaqudgha
Makhleb
Nemelex Xobeh
Okawaru
Qazlal
Ru
Sif Muna
Trog
Uskayaw
Vehumet
Xom
Yredelemnul
Zin
The Shining One
Beogh
Jiyva

Shops:
D:7 *   D:12 [[   Orc:2 !!![

Annotations:
Swamp:2 exclusion: Roxanne, Roxanne


Innate Abilities, Weirdness & Mutations

You revert to your normal form in water.
You are very nimble and swift while swimming.
You are very stealthy in the water. (Stealth+)
You are covered in fur. (AC +1)


Message History

Roxanne is almost destroyed.
Unknown command.
You slash Roxanne!
Roxanne is almost destroyed.
The alligator completely misses you.
The alligator tail-slaps you but does no damage.
Unknown command.
You completely miss Roxanne.
Roxanne is almost destroyed.
The alligator completely misses you.
You riposte.
You slice the alligator!!
The alligator is moderately wounded.
The alligator completely misses you.
Uskayaw will force your foes to share their pain.
Uskayaw links your audience in an emotional bond!
You slash Roxanne!
Roxanne is almost destroyed.
Roxanne mumbles some strange words.
The iron shot hits you!
Ouch! That really hurt!
You die...

♣♣.♣≈.§≈♣.....≈≈.≈≈≈≈.≈≈
♣..≈♣≈..≈.≈≈..♣..≈≈≈♣..≈
♣.♣≈≈≈.≈≈≈......≈≈≈.≈♣.≈
♣.♣♣≈......♣..♣≈≈≈≈.≈≈.≈
♣.♣.≈≈≈≈..♣♣♣...≈≈≈....≈
♣.♣♣..$...♣♣♣.≈≈≈≈≈≈≈.♣≈
♣♣.♣♣♣......♣♣♣≈≈≈≈♣≈.♣♣
♣..≈♣♣♣t.8=$.♣♣♣≈≈≈..♣♣
♣♣.≈≈♣♣.@.....♣♣.≈≈≈≈♣
♣♣....≈..♣..≈≈♣♣..≈≈♣
♣♣.♣♣..≈.≈≈≈♣♣♣..♣.♣
♣≈.♣♣.....≈♣♣.≈..♣♣
♣≈.♣...≈..♣♣♣♣..♣.♣
♣♣≈...?...♣ ♣♣..♣♣
♣≈≈≈≈.≈≈♣♣ ♣♣..♣
♣≈≈≈≈≈♣♣♣ ♣≈..♣ ♣♣.≈≈.♣♣
♣♣..♣


You could see Roxanne and an alligator.

Vanquished Creatures
  A fire dragon (Lair:6)
  2 ice dragons (IceCv)
  A catoblepas (Lair:6)
  7 hydras
  2 centaur warriors (D:13)
  2 ogre magi (Orc:2)
  4 alligators
  Nergalle (D:10)
  2 deep trolls (Orc:2)
  An unseen horror (D:13)
  2 swamp dragons
  A wizard (D:13)
  9 hill giants
  An orb spider (Lair:4)
  A deep elf mage (D:13)
  A necromancer (D:13)
  Pikel (D:6)
  3 cyclopes
  A manticore (D:11)
  6 elephants (Lair:6)
  8 black mambas
  Joseph (D:9)
  2 gargoyles
  A torpor snail (Lair:6)
  2 ice statues (IceCv)
  4 komodo dragons
  An efreet (D:13)
  2 kobold demonologists (Swamp:1)
  11 spiny frogs
  4 rime drakes
  2 ice devils (Lair:3)
  A tengu conjurer (D:13)
  11 trolls
  11 polar bears
  Grinder (Sewer)
  8 two-headed ogres
  5 tyrant leeches
  3 hornets
  The ghost of Hercules the Carver, an amateur MfGl (D:3)
  4 raiju (Lair:6)
  11 slime creatures
  3 bog bodies (Swamp:1)
  7 hippogriffs
  2 dream sheep (Lair:6)
  2 shadows (Swamp:2)
  A vampire (D:13)
  Eustachio (D:6)
  3 spriggans
  A wyvern (D:11)
  2 wraiths (D:13)
  6 basilisks
  A hungry ghost (D:7)
  36 yaks
  A steam dragon (Lair:6)
  2 vampire mosquitoes (D:12)
  5 wargs
  14 insubstantial wisps
  6 swamp worms
  13 hell hounds (Lair:6)
  An acid dragon (Lair:6)
  5 porcupines
  9 water moccasins
  8 swamp drakes
  8 orc warriors
  15 ice beasts
  2 phantoms
  2 sky beasts
  12 black bears
  A necrophage (D:11)
  22 ogres
  12 centaurs
  20 wolves
  13 crocodiles
  4 big kobolds
  16 bullfrogs
  2 scorpions
  6 killer bees (D:10)
  An electric eel (Lair:5)
  10 wights
  7 howler monkeys
  A bullfrog zombie (D:12)
  2 centaur zombies
  4 crimson imps
  5 hounds
  2 quasits
  6 centaur skeletons
  3 jellies
  8 orc priests
  4 bullfrog skeletons
  10 iguanas
  15 orc wizards
  11 worker ants
  2 big kobold zombies (Sewer)
  A hound zombie (D:9)
  A hound skeleton (D:4)
  2 worker ant zombies
  11 adders
  5 river rats (D:5)
  7 shadow imps
  4 ufetubi (Sewer)
  3 oozes
  2 adder skeletons
  3 worms
  A dart slug (D:1)
  9 leopard geckos
  46 orcs
  6 bats
  10 giant cockroaches
  6 goblins
  5 hobgoblins
  10 jackals
  6 quokkas
  4 ball pythons
  2 frilled lizards
  32 kobolds
  A kobold zombie (Sewer)
  6 rats
  2 plants (Lair:6)
683 creatures vanquished.

Vanquished Creatures (others)
  A rime drake (Lair:6)
  A kobold zombie (Sewer)
  3 fungi (Lair:6)
  11 plants
16 creatures vanquished.

Grand Total: 699 creatures vanquished

Notes
Turn   | Place    | Note
-------+----------+-------------------------------------------
     0 | D:1      | Hercules the Merfolk Gladiator began the quest for the Orb.
     0 | D:1      | Reached XP level 1. HP: 16/16 MP: 1/1
    95 | D:1      | Reached XP level 2. HP: 22/22 MP: 2/2
   165 | D:1      | Gained mutation: You are partially covered in yellow scales. (AC +2) [potion of beneficial mutation]
   816 | D:2      | Found a faded altar of an unknown god.
   836 | D:2      | Reached XP level 3. HP: 27/27 MP: 3/3
  1031 | D:2      | Reached skill level 5 in Long Blades
  1315 | D:2      | Found a shadowy altar of Dithmenos.
  1315 | D:2      | Found a sacrificial altar of Ru.
  1371 | D:3      | Reached XP level 4. HP: 33/33 MP: 4/4
  1390 | D:3      | Found a shattered altar of Ashenzari.
  1621 | D:3      | Noticed Hercules's ghost (amateur MfGl)
  1628 | D:3      | Killed Hercules's ghost
  1628 | D:3      | Reached XP level 5. HP: 17/38 MP: 5/5
  1628 | D:3      | Reached XP level 6. HP: 20/44 MP: 6/6
  2012 | D:3      | Found a blossoming altar of Fedhas.
  2469 | D:4      | Noticed a phantom
  2775 | D:4      | Killed a phantom
  2775 | D:4      | Reached XP level 7. HP: 42/50 MP: 7/7
  3411 | D:5      | Entered Level 5 of the Dungeon
  3415 | D:5      | Found a glowing drain.
  3418 | D:5      | Reached skill level 5 in Dodging
  3451 | Sewer    | Entered a sewer
  3806 | Sewer    | Found a burning altar of Makhleb.
  3829 | Sewer    | Noticed Grinder
  3862 | Sewer    | Killed Grinder
  3862 | Sewer    | Reached skill level 6 in Dodging
  3862 | Sewer    | Reached XP level 8. HP: 56/56 MP: 8/8
  3946 | Sewer    | Reached skill level 7 in Dodging
  4308 | D:5      | Found a white marble altar of Elyvilon.
  4315 | D:5      | Reached skill level 10 in Long Blades
  4708 | D:5      | Reached skill level 8 in Dodging
  4713 | D:5      | Found an iron altar of Okawaru.
  4913 | D:6      | Reached XP level 9. HP: 52/66 MP: 9/9
  4922 | D:6      | Reached skill level 9 in Dodging
  4924 | D:6      | Reached skill level 5 in Fighting
  4940 | D:6      | Noticed Eustachio
  5237 | D:6      | Killed Eustachio
  5237 | D:6      | Reached skill level 10 in Dodging
  5526 | D:6      | Noticed Pikel
  5535 | D:6      | Killed Pikel
  6080 | D:7      | Reached skill level 11 in Dodging
  6171 | D:7      | Got an ichor-stained ring mail
  6182 | D:7      | Identified the cursed +0 ring mail of the Cast Vote {*Drain MR+ Dex+4} (You found it on level 7 of the Dungeon)
  6317 | D:7      | Found a staircase to the Ecumenical Temple.
  6323 | Temple   | Entered the Ecumenical Temple
  6538 | D:7      | Found Ofror's General Store.
  6554 | D:7      | Bought a potion of heal wounds for 60 gold pieces
  6554 | D:7      | Bought a scroll of enchant armour for 90 gold pieces
  6554 | D:7      | Bought a scroll of identify for 24 gold pieces
  6554 | D:7      | Bought a scroll of identify for 24 gold pieces
  6690 | D:7      | You fall through a shaft for 3 floors!
  6690 | D:10     | Entered Level 10 of the Dungeon
  6700 | D:10     | Reached XP level 10. HP: 62/80 MP: 10/10
  7397 | D:8      | You fall through a shaft!
  7448 | D:9      | Reached skill level 12 in Dodging
  7598 | D:9      | Noticed Joseph
  7611 | D:9      | Killed Joseph
  7934 | D:9      | Found a deep blue altar of Sif Muna.
  7939 | D:9      | Found a bloodstained altar of Trog.
  8144 | D:8      | Found a sparkling altar of Nemelex Xobeh.
  8148 | D:8      | Found a radiant altar of Vehumet.
  8152 | D:8      | Found a hide-covered altar of Uskayaw.
  8162 | D:8      | Became a worshipper of Uskayaw the Reveler
  8219 | D:8      | Reached * piety under Uskayaw
  8241 | D:8      | Reached ** piety under Uskayaw
  8512 | D:9      | Reached skill level 13 in Dodging
  8512 | D:9      | Reached *** piety under Uskayaw
  8516 | D:9      | Reached **** piety under Uskayaw
  8698 | D:10     | Got a polished quarterstaff
  8706 | D:10     | Noticed a hill giant
  8708 | D:10     | Reached skill level 1 in Invocations
  8714 | D:10     | Reached ***** piety under Uskayaw
  8716 | D:10     | Killed a hill giant
  8716 | D:10     | Reached skill level 10 in Fighting
  8720 | D:10     | Identified the +8 quarterstaff of Untruth {holy, -Tele +Fly rElec rN+} (You found it on level 10 of the Dungeon)
  8813 | D:10     | Reached XP level 11. HP: 77/90 MP: 12/14
  8832 | D:10     | Reached ****** piety under Uskayaw
  8833 | D:10     | Reached skill level 5 in Invocations
  8834 | D:10     | Found a staircase to the Orcish Mines.
  8861 | D:10     | Noticed Nergalle
  8879 | D:10     | Killed Nergalle
  9529 | D:11     | Noticed a hill giant
  9529 | D:11     | Noticed an eight-headed hydra
  9537 | D:11     | Killed a hill giant
  9692 | D:11     | Noticed a cyclops
  9704 | D:11     | Killed a cyclops
  9842 | D:11     | Noticed a hill giant
 10063 | D:11     | Killed a hill giant
 10290 | D:11     | Found a staircase to the Lair.
 10505 | D:11     | Noticed a hill giant
 10511 | D:11     | Killed a hill giant
 10602 | D:11     | Killed an eight-headed hydra
 10602 | D:11     | Reached skill level 10 in Invocations
 10849 | D:12     | Noticed a hill giant
 10855 | D:12     | Killed a hill giant
 10964 | D:12     | Reached XP level 12. HP: 80/98 MP: 19/19
 10989 | D:12     | Found Beusomat's Antique Armour Shoppe.
 10993 | D:12     | Bought a jewelled leather armour for 196 gold pieces
 11004 | D:12     | Identified the cursed +1 leather armour of Integrity {rPois Dex+4} (You bought it in a shop on level 12 of the Dungeon)
 11082 | D:12     | Found Ussar's Antique Armour Emporium.
 11125 | D:12     | Noticed a six-headed hydra
 11851 | D:12     | Killed a three-headed hydra
 12467 | D:13     | Noticed a centaur warrior
 12478 | D:13     | Killed a centaur warrior
 12535 | D:13     | Reached skill level 14 in Dodging
 12749 | D:13     | Noticed a centaur warrior
 12758 | D:13     | Killed a centaur warrior
 13364 | Lair:1   | Entered Level 1 of the Lair of Beasts
 13797 | D:12     | Bought a spiked helmet for 237 gold pieces
 13807 | D:12     | Identified the +2 helmet of the Komodo Dragon {rF+ Regen+} (You bought it in a shop on level 12 of the Dungeon)
 14553 | Lair:2   | Reached XP level 13. HP: 106/106 MP: 21/21
 15189 | Lair:3   | Found a staircase to the Swamp.
 15266 | Lair:3   | Found a frozen archway.
 15298 | IceCv    | Entered an ice cave
 15575 | IceCv    | Reached skill level 15 in Dodging
 15734 | IceCv    | Noticed an ice dragon
 15734 | IceCv    | Noticed an ice dragon
 15750 | IceCv    | Killed an ice dragon
 15761 | IceCv    | Killed an ice dragon
 15775 | IceCv    | Got a coiled golden ring
 15789 | IceCv    | Identified the ring "Zuigu" {MR+ Int+4} (You found it in an ice cave)
 16232 | Lair:3   | Gained mutation: You have very sharp teeth. [potion of mutation]
 16232 | Lair:3   | Gained mutation: You are dopey. (Int -2) [potion of mutation]
 16232 | Lair:3   | Gained mutation: You expend magic power (3 MP) to strengthen your wands. [potion of mutation]
 16233 | Lair:3   | Lost mutation: You expend magic power (3 MP) to strengthen your wands. [potion of cure mutation]
 16233 | Lair:3   | Lost mutation: You are partially covered in yellow scales. (AC +2) [potion of cure mutation]
 16233 | Lair:3   | Lost mutation: You are dopey. (Int -2) [potion of cure mutation]
 16233 | Lair:3   | Lost mutation: You have very sharp teeth. [potion of cure mutation]
 16234 | Lair:3   | Gained mutation: You are covered in fur. (AC +1) [potion of beneficial mutation]
 16466 | Lair:4   | Found a hole to the Spider Nest.
 16573 | Lair:4   | Identified a scroll of acquirement
 16707 | Lair:4   | Got a pitted war axe
 16708 | Lair:4   | Identified the +7 war axe of Exquisite Death {flame, -Tele rPois rN+} (You found it on level 4 of the Lair of Beasts)
 16766 | Lair:4   | Got a shimmering flail
 16767 | Lair:4   | Identified the +2 flail of Isulosk {crush, Str+5 Int-5 SInv} (You found it on level 4 of the Lair of Beasts)
 17074 | Lair:5   | Reached skill level 16 in Dodging
 17124 | Lair:5   | Learned a level 6 spell: Deflect Missiles
 17971 | Lair:6   | Entered Level 6 of the Lair of Beasts
 18115 | Lair:6   | Reached XP level 14. HP: 110/114 MP: 23/23
 18207 | Lair:6   | Reached skill level 17 in Dodging
 18636 | Lair:6   | Reached skill level 18 in Dodging
 18716 | Lair:6   | Found a viscous altar of Jiyva.
 18717 | Lair:6   | Found a staircase to the Slime Pits.
 19551 | D:13     | Reached skill level 15 in Long Blades
 19621 | D:13     | Found a gate to the Vaults.
 19929 | Orc:1    | Entered Level 1 of the Orcish Mines
 20014 | Orc:2    | Entered Level 2 of the Orcish Mines
 20072 | Orc:2    | Found a roughly hewn altar of Beogh.
 20224 | Orc:2    | Found a staircase to the Elven Halls.
 20462 | Orc:2    | Found Upnaev's Antique Armour Shoppe.
 20480 | Orc:2    | Reached XP level 15. HP: 115/119 MP: 24/24
 20485 | Orc:2    | Reached skill level 19 in Dodging
 20555 | Orc:2    | Found Bapnock's Distillery.
 20556 | Orc:2    | Found Witarphyn's Distillery.
 20556 | Orc:2    | Found Tonnew's Distillery.
 20559 | Orc:2    | Bought a pair of faintly humming boots for 323 gold pieces
 20570 | Orc:2    | Identified the +0 pair of boots "Esseyrph" {-Cast rC+ Str+9 Int-3} (You bought it in a shop on level 2 of the Orcish Mines)
 20617 | Orc:2    | Bought a potion of heal wounds for 60 gold pieces
 20617 | Orc:2    | Bought a potion of curing for 36 gold pieces
 20617 | Orc:2    | Bought a potion of heal wounds for 60 gold pieces
 20617 | Orc:2    | Bought 2 potions of haste for 240 gold pieces
 20617 | Orc:2    | Bought a potion of curing for 36 gold pieces
 20627 | Orc:2    | Bought a potion of heal wounds for 60 gold pieces
 20627 | Orc:2    | Bought a potion of heal wounds for 60 gold pieces
 20627 | Orc:2    | Bought a potion of berserk rage for 60 gold pieces
 20627 | Orc:2    | Bought a potion of berserk rage for 60 gold pieces
 20627 | Orc:2    | Bought a potion of might for 48 gold pieces
 20627 | Orc:2    | Bought a potion of curing for 36 gold pieces
 20638 | Orc:2    | Bought a potion of might for 52 gold pieces
 20638 | Orc:2    | Bought a potion of berserk rage for 65 gold pieces
 20638 | Orc:2    | Bought a potion of berserk rage for 65 gold pieces
 21016 | Swamp:1  | Entered Level 1 of the Swamp
 21240 | Swamp:1  | Got a wavering wooden ring
 21242 | Swamp:1  | Identified the ring "Xowuc" {rElec rF+ EV+4 Int+6} (You acquired it on level 1 of the Swamp)
 21838 | Swamp:2  | Reached skill level 20 in Dodging
 21842 | Swamp:2  | Noticed Roxanne
 21912 | Swamp:2  | Killed from afar by Roxanne

Vault maps used:
D:1:      co_arrival_random_square_maze
D:2:      gammafunk_temple_overflow_pools,
          chequers_ecumenical_altar_simple_redux
D:3:      evilmike_ruin_ashenzari, fedhas_altar_4
D:5:      lemuel_coloured_pillars_altar, elyvilon_altar_1, portal_sewer_entry_a,
          first_bread
D:6:      uniq_pikel, uniq_eustachio
D:7:      serial_shops, shop, grunt_ogre_cave
D:8:      minmay_overflow_temple_star_quad
D:9:      kennysheep_little_box, overflow_temple_1_default, uniq_joseph
D:10:     david_orc_2, uniq_nergalle
D:11:     david_lair_shrubbed, minmay_misc_feat_four_crosses, roderic_whirl
D:12:     serial_shops, shop, nicolae_shop_crystal
D:13:     david_vaults_1, minmay_misc_feat_pillars
Temple:   minmay_temple_curvy_loop
Lair:1:   beast_lair_carwin_7
Lair:2:   st_stairs_7
Lair:3:   minmay_swamp_entry_reptiles, portal_ice_cave_demonic_guard
Lair:4:   nicolae_spider_entry_orb_guardian, grunt_forest_stairs_clearing,
          grunt_megastairs_5, lemuel_fruit_fields
Lair:5:   serial_bayou_lagoon_a, serial_bayou_pond_d
Lair:6:   hangedman_lair_caniforms_friends, guppyfry_lair_end_dragon,
          dpeg_slime_entry_enclosed_altar
Swamp:1:  serial_swamp_ruin, evilmike_swamp_ruin_rubble_1,
          evilmike_swamp_ruin_house_1, swamp_pool1, cheibrodos_swamp_kobolds
Swamp:2:  evilmike_swamp_ruin_house_5, uniq_roxanne
Orc:1:    uniq_josephine, uniq_urug
Orc:2:    st_orc_open, basic_altar
Sewer:    kennysheep_sewer_church
IceCv:    ice_cave_small_dragons

Skill      XL: |  1  2  3  4  5  6  7  8  9 10 11 12 13 14 15 |
---------------+----------------------------------------------+-----
Long Blades    | 4 5 7 8 9 10 11 13 15 16 | 16.5
Dodging        | 6 8 11 13 14 16 18 20 | 20.0
Fighting       | 4 7 10 11 12 | 12.0
Invocations    | 4 10 11 12 | 12.0
Throwing       | |  2.0

Action                   |  1- 3 |  4- 6 |  7- 9 | 10-12 | 13-15 || total
-------------------------+-------+-------+-------+-------+-------++-------
Melee: Long sword        |    75 |    90 |   266 |   393 |       ||   824
       Tailslap          |       |       |     1 |     2 |    29 ||    32
       Great sword       |       |       |     7 |       |       ||     7
       Scimitar          |       |       |       |   243 |   257 ||   500
       Double sword      |       |       |       |       |   739 ||   739
Evoke: Wand              |       |       |       |    13 |       ||    13
       Box of beasts     |       |       |       |     1 |       ||     1
  Use: Potion            |     3 |     1 |       |     2 |     5 ||    11
       Scroll            |     5 |     2 |    14 |     8 |     6 ||    35
 Stab: Sleeping          |     2 |     1 |     1 |     3 |     8 ||    15
       Invisible         |     1 |       |       |       |       ||     1
       Distracted        |       |     1 |       |     1 |       ||     2
       Paralysed         |       |       |       |    28 |   108 ||   136
  Eat: Chunk             |     2 |     4 |    13 |    26 |    23 ||    68
       Fruit             |       |       |       |     1 |     1 ||     2
       Beef jerky        |       |       |       |       |     1 ||     1
Armor: Leather armour    |    21 |    23 |    63 |    30 |   132 ||   269
       Ring mail         |       |       |     2 |    55 |       ||    57
Dodge: Dodged            |    72 |    74 |   269 |   601 |  1254 ||  2270
Block: Shield            |       |       |     4 |       |       ||     4
       Rpst.: Long sword |    23 |    18 |    63 |    91 |       ||   195
       Great sword       |       |       |     1 |       |       ||     1
       Scimitar          |       |       |       |    59 |    77 ||   136
       Double sword      |       |       |       |       |   197 ||   197
